 Dungeon Crawl Stone Soup version 0.20-a0-1124-g2e29d97 (webtiles) character file.

5 Gorglomux the Vexing (level 1, -2/7 HPs)
             Began as a Felid Enchanter on May 16, 2017.
             Slain by a kobold
             ... wielding a +0 short sword
              (5 damage)
             ... on level 1 of the Dungeon.
             The game lasted 00:01:19 (634 turns).

Gorglomux the Vexing (Felid Enchanter)               Turns: 634, Time: 00:01:20

Health: -2/7       AC:  1    Str:  4    XL:     1   Next: 66%
Magic:  3/4        EV: 18    Int: 16    God:
Gold:   24         SH:  0    Dex: 16    Spells: 3/4 levels left
                                        Lives:  0   Deaths: 0

rFire    . . .     SeeInvis +     - Unarmed
rCold    . . .     Gourm    .   (shield unavailable)
rNeg     . . .     Faith    .   (armour unavailable)
rPois    .         Spirit   .   (helmet unavailable)
rElec    .         Reflect  .   (cloak unavailable)
rCorr    .         Harm     .   (gloves unavailable)
MR       .....                  (boots unavailable)
Stlth    +++.......             (no amulet)
Regen    0.1/turn               (no ring)
MPRegen  0.1/turn               (no ring)

@: quick
A: no armour, no weapons or thrown items, stealth, claws 1, fangs 3, see
invisible, carnivore 3, speed 1, shaggy fur 1, slow metabolism 1, sharp paws
a: no special abilities


You were on level 1 of the Dungeon.
You were not hungry.

You visited 1 branch of the dungeon, and saw 1 of its levels.

You collected 24 gold pieces.

Inventory:

Books
 a - a book of Maledictions
Comestibles
 b - a meat ration {@e2@e2}


   Skills:
 + Level 3.0 Dodging
 + Level 4.2 Stealth
 - Level 1.0 Unarmed Combat
 - Level 2.0 Spellcasting
 + Level 4.5 Hexes


You had 3 spell levels left.
You knew the following spells:

 Your Spells              Type           Power        Failure   Level  Hunger
v - Corona                Hex            ###....      3%          1    #......


Dungeon Overview and Level Annotations

Branches:
Dungeon (1/15)

Altars:


Innate Abilities, Weirdness & Mutations

You cannot wear armour.
You are incapable of wielding weapons or throwing items.
Your paws allow you to move quietly. (Stealth)
You have sharp claws.
You have razor-sharp teeth.
You have supernaturally acute eyesight. (SInv)
You are carnivorous and can eat meat at any time.
You cover ground quickly.
You are covered in fur. (AC +1)
You have a slow metabolism.
Your sharp claws are effective at attacking unaware monsters.


Message History

You take 2 damage, and have 5/7 hp.
MASSIVE DAMAGE!!
You closely miss the rat. You bite the rat, but do no damage.
The rat bites you.
You take 1 damage, and have 4/7 hp.
You barely miss the rat. The rat bites you.
* * * LOW HITPOINT WARNING * * *
You take 2 damage, and have 2/7 hp.
MASSIVE DAMAGE!!
Unknown command.
MP restored: 4 You open the door.
There is an open door here.
As you close the door, it creaks loudly!
You are not religious.
You start resting.
You open the door.
There is an open door here.
You close the door.
You start resting.
Health restored: 7 You open the door.
There is an open door here.
A bat comes into view.
A bat is nearby!
No target in view!
No target in view!
Unknown command.
You see here 27 stones.
Aim: a bat (chance to defeat MR: 71%)
The bat barely resists.
You now have 3/4 mp.
The bat completely misses you.
You scratch the bat.
You kill the bat!
No target in view!
No target in view!
You see here a bat corpse.
You butcher the bat corpse.
c - a chunk of flesh {@w0@w0} You see here a bat skeleton.
You start resting.
Eating a chunk of flesh {@w0@w0}.
You eat the chunk of flesh {@w0@w0}.
This raw flesh tastes great.
MP restored: 4 Unknown command.
A hobgoblin comes into view.
A hobgoblin is nearby!
A hobgoblin is nearby!
Aim: a hobgoblin, wearing a leather armour (hasn't noticed you, chance to defeat MR: 71%)
The hobgoblin shouts!
The hobgoblin is outlined in light.
You now have 3/4 mp.
You swing at nothing.
You scratch the hobgoblin but do no damage.
Your bite misses the hobgoblin. The hobgoblin closely misses you.
You scratch the hobgoblin but do no damage.
The hobgoblin barely misses you.
You barely miss the hobgoblin. The hobgoblin hits you.
Ouch! That really hurt!
You take 4 damage, and have 3/7 hp.
MASSIVE DAMAGE!!
You scratch the hobgoblin but do no damage.
The hobgoblin misses you.
MP restored: 4 The hobgoblin stops glowing.
There is an open door here.
You close the door.
You start resting.
A hobgoblin opens the door.
You close the door.
A hobgoblin opens the door.
As you close the door, it creaks loudly!
A hobgoblin opens the door.
You close the door.
A hobgoblin opens the door.
You close the door.
A hobgoblin opens the door.
A kobold comes into view. It is wielding a short sword.
You close the door.
A hobgoblin opens the door.
You close the door.
A hobgoblin opens the door.
You scratch the rat. You bite the rat. The rat barely misses you.
You barely miss the rat. You bite the rat.
You kill the rat!
Your Dodging skill increases to level 3!
A kobold comes into view. It is wielding a club.
The kobold shouts!
The kobold throws a stone.
The stone misses you.
The kobold throws a stone.
The stone completely misses you.
Unknown command.
The kobold throws a stone.
The stone closely misses you.
The kobold throws a stone.
The stone hits you but does no damage.
You see here a stone.
The hobgoblin misses you.
Aim: a hobgoblin, wearing a leather armour (chance to defeat MR: 71%)
The kobold is outlined in light.
You now have 3/4 mp.
You scratch the kobold but do no damage.
The kobold barely misses you.
You scratch the kobold. The kobold hits you with a short sword.
You take 1 damage, and have 3/7 hp.
You scratch the kobold. The kobold hits you with a short sword.
Ouch! That really hurt!
You die...

.......#.............
...........#.##......
####.###.#.#.........
#######.###.#.#.##...#..
#.........K.............
#######K#.#.............
#g#.#.....##......
#K#<#.(..>........
#@#.#......#......
#.#.##.....###....
...(.#K.#...(....#
.........#...(....#
######+#...........#
.........###...#
..)......###...#
................
.......#.###..##


You could see a hobgoblin and 2 kobolds.

Vanquished Creatures
  A leopard gecko (D:1)
  A giant cockroach (D:1)
  2 bats (D:1)
  A rat (D:1)
5 creatures vanquished.

Notes
Turn   | Place    | Note
-------+----------+-------------------------------------------
     0 | D:1      | Gorglomux the Felid Enchanter began the quest for the Orb.
     0 | D:1      | Reached XP level 1. HP: 7/7 MP: 4/4
   607 | D:1      | Reached skill level 3 in Dodging
   634 | D:1      | Slain by a kobold

Vault maps used:
D:1:      dpeg_arrival_tiny_i, minmay_misc_feat_enclosed

Skill      XL: |  1 |
---------------+----+-----
Dodging        | 3 |  3.0
Stealth        | |  4.2
Unarmed Combat | |  1.0
Spellcasting   | |  2.0
Hexes          | |  4.5

Action                   || total
-------------------------++-------
Melee: Unarmed           ||    23
       Bite              ||     4
 Cast: Corona            ||     6
 Stab: Sleeping          ||     1
  Eat: Chunk             ||     2
Armor: Skin              ||     3
Dodge: Dodged            ||    29

Vault maps used:
D:1:      dpeg_arrival_tiny_i, minmay_misc_feat_enclosed

Table legend:
 A = Turns spent in this place as a percentage of turns spent in the entire game.
 B = Non-inter-level travel turns spent in this place as a percentage of non-inter-level travel turns spent in the entire game.
 C = Inter-level travel turns spent in this place as a percentage of turns spent in this place.
 D = Turns resting spent in this place as a percentage of non-inter-level travel turns spent in this place.
 E = Turns spent auto-exploring this place as a percentage of non-inter-level travel turns spent in this place.
 F = Non-inter-level travel turns spent in this place divided by the number of levels of this place that you've seen.
                   A       B       C       D       E      F
               +-------+-------+-------+-------+-------+----------------------
         Total | 100.0 | 100.0 |   0.0 |   5.9 |   4.0 | 202.0
       Dungeon | 100.0 | 100.0 |   0.0 |   5.9 |   4.0 | 202.0
               +-------+-------+-------+-------+-------+----------------------

Table legend:
 A = Kills in this place as a percentage of kills in entire the game.
 B = Kills by you in this place as a percentage of kills by you in the entire game.
 C = Kills by friends in this place as a percentage of kills by friends in the entire game.
 D = Other kills in this place as a percentage of other kills in the entire game.
 E = Experience gained in this place as a percentage of experience gained in the entire game.
 F = Experience gained in this place divided by the number of levels of this place that you have seen.
                   A       B       C       D       E      F
               +-------+-------+-------+-------+-------+----------------------
         Total | 100.0 | 100.0 |  -nan |  -nan | 100.0 |   8.0
       Dungeon | 100.0 | 100.0 |  -nan |  -nan | 100.0 |   8.0
               +-------+-------+-------+-------+-------+----------------------
